 Dungeon Crawl Stone Soup version 0.30.0-19-gbf45117a57 (webtiles) character file.

Game seed: 13820002330620651544

154 qw the Chopper (level 5, -1/32 HPs)
             Began as a Gargoyle Fighter on May 23, 2023.
             Shot with a bolt by an orc warrior (6 damage)
             ... on level 4 of the Dungeon.
             The game lasted 00:01:21 (2626 turns).

qw the Chopper (Gargoyle Fighter)                   Turns: 2626, Time: 00:01:22

Health: -1/32      AC: 10    Str: 20 (22) XL:     5   Next: 35%
Magic:  5/5        EV:  9    Int:  7 (8)  God:
Gold:   135        SH:  4    Dex:  6 (9)  Spells: 4/4 levels left

rFire   . . .        Y - +0 war axe
rCold   . . .        c - +0 buckler
rNeg    + + .        b - +0 scale mail
rPois   inf          (no helmet)
rElec   +            (no cloak)
rCorr   .            (no gloves)
SInv    .            (no boots)
Will    .....        (no amulet) Stlth
                     f - ring of positive energy
HPRegen 0.25/turn    n - +4 ring of slaying {mikee}
MPRegen 0.09/turn

%: no passive effects
@: no status effects
A: sickness immunity, AC +4, negative energy resistance 1, electricity
resistance, torment resistance 1, petrification resistance
a: no special abilities


You were on level 4 of the Dungeon.
You visited 1 branch of the dungeon, and saw 4 of its levels.

You collected 135 gold pieces.


Innate Abilities, Weirdness & Mutations

You are immune to sickness and miasma.
Your stone body is resilient. (AC +4)
You are immune to poison.
You resist negative energy. (rN+)
You are resistant to electric shocks. (rElec)
You are resistant to unholy torment.
You are immune to petrification.


   Skills:
 - Level 3.2 Fighting
 + Level 4.9 Axes
 - Level 3.2 Armour
 - Level 3.2 Shields


You had 4 spell levels left.
You didn't know any spells.
Your spell library was empty.

Inventory:

Hand Weapons
 q - a +0 whip
 Y - a +0 war axe (weapon)
Armour
 b - a +0 scale mail (worn)
 c - a +0 buckler (worn)
 j - a +2 robe of fire resistance
Jewellery
 f - a ring of positive energy (left hand)
 g - a ring of fire
 n - a +4 ring of slaying (right hand) {mikee}
Scrolls
 e - 2 scrolls of teleportation {unknown}
Potions
 a - a potion of brilliance {unknown}
 d - 2 potions of might
 h - a potion of curing {unknown}
 k - a potion of berserk rage {unknown}
 l - a potion of attraction {unknown}
 m - a potion of haste {unknown}
 r - a potion of flight {unknown}
 s - a potion of invisibility {unknown}

Dungeon Overview and Level Annotations

Branches:
Dungeon (4/15)
 Temple: D:4-7

Altars:
Fedhas
Kikubaaqudgha
Xom
Yredelemnul

Shops:
D:1 =


Message History

You barely miss the orc. The orc hits you with a +0 dagger.
The orc hits you but does no damage.
You slash the orc!
You kill the orc!
You start resting.
HP restored.
e - 2 scrolls labelled NAICAH YNWIFF
Things that are here:
a +0 dagger; an orc corpse
Found a stone staircase leading up. 2 orcs come into view.
The orc shouts!
The orc moves out of view.
An orc warrior comes into view. It is wielding a +0 glaive.
2618 ||| Stepping ~*~*~tactically~*~*~ (stealth).
You hit the orc.
The orc is lightly wounded.
The orc hits you with a +0 club. The orc closely misses you.
You hit the orc.
The orc is severely wounded.
The orc hits you with a +0 club.
The orc warrior unwields a +0 glaive.
The orc warrior wields a +0 arbalest.
The orc warrior shoots a bolt.
You block the bolt.
You slash the orc!
You kill the orc!
The orc warrior shoots a bolt.
The bolt barely misses you.
You hit the orc.
The orc is heavily wounded.
The orc misses you.
The orc warrior shoots a bolt.
The bolt hits you!
You hit the orc.
The orc is severely wounded.
The orc closely misses you.
The orc warrior shoots a bolt.
The bolt hits you but does no damage. The orc barely misses you.
You hit the orc but do no damage.
The orc is severely wounded.
The orc hits you with a +0 war axe!
You hit the orc.
You kill the orc!
The orc warrior shoots a bolt.
The bolt hits you.
You die...

####### #.....#
....... #.....+
....... #.....#
...... #...%<#
....# #.....#
....##. #...).#
.......
#.....##.......
#.....@).......
#.....##...###.
+.....# ...#
#.....# ....#
#....o# ....#
........ ....#
......... ....#
<.......# .o.##


You could see an orc warrior.

Vanquished Creatures
  Jessica (D:2)
  4 adders
  2 worms (D:2)
  A dart slug (D:2)
  8 orcs
  7 endoplasms
  5 giant cockroaches
  7 goblins
  3 hobgoblins
  8 jackals
  3 quokkas
  3 ball pythons
  5 bats
  3 frilled lizards
  8 kobolds
  5 rats
73 creatures vanquished.

Notes
Turn   | Place    | Note
-------+----------+-------------------------------------------
     0 | D:1      | qw the Gargoyle Fighter began the quest for the Orb.
     0 | D:1      | Reached XP level 1. HP: 14/14 MP: 1/1
     0 | D:1      | 0 ||| qw: Version: 0.2-a-98-g5d7165a
     0 | D:1      | 0 ||| qw: Game counter: 20
     0 | D:1      | 0 ||| qw: Always use a shield: true
     0 | D:1      | 0 ||| qw: God list: Okawaru
     0 | D:1      | 0 ||| qw: Allow faded altars: false
     0 | D:1      | 0 ||| qw: Do Orc after D:15 true
     0 | D:1      | 0 ||| qw: Do second Lair branch before Depths: true
     0 | D:1      | 0 ||| qw: Lair rune preference: random
     0 | D:1      | 0 ||| qw: Plans: Normal, Zot:1-4, God:TSO, Crypt, Tomb,
                  | Pan, Slime:5, Hells, Abyss, Win
     0 | D:1      | 0 ||| PLANNING D:1-11
    16 | D:1      | 16 ||| Stepping ~*~*~tactically~*~*~ (hiding).
   152 | D:1      | Reached skill level 2 in Axes
   204 | D:1      | Found Vyle's One-of-a-Kind Rings.
   212 | D:1      | 212 ||| SHOPLISTING +2 ring of dexterity (36 gold, have
                  | 24).
   212 | D:1      | 212 ||| SHOPLISTING +2 ring of slaying (252 gold, have 24).
   212 | D:1      | 212 ||| SHOPLISTING +8 ring of evasion (936 gold, have 24).
   212 | D:1      | 212 ||| SHOPLISTING +9 ring of dexterity (936 gold, have
                  | 24).
   212 | D:1      | 212 ||| SHOPLISTING ring "Ikkoics" {rPois Int-5 Dex+6 SInv
                  | Stlth+} (524 gold, have 24).
   212 | D:1      | 212 ||| SHOPLISTING ring "Nuis" {rElec rC+ Will+ Slay-6}
                  | (300 gold, have 24).
   212 | D:1      | 212 ||| SHOPLISTING ring of the Country {Fire MP-9 Dex+5}
                  | (300 gold, have 24).
   237 | D:1      | 237 ||| Stepping ~*~*~tactically~*~*~ (stealth).
   242 | D:1      | Reached XP level 2. HP: 19/19 MP: 2/2
   468 | D:1      | Reached skill level 3 in Axes
   489 | D:1      | Reached XP level 3. HP: 18/23 MP: 3/3
   683 | D:1      | 683 ||| UPGRADING to ring of positive energy.
   817 | D:2      | Noticed Jessica
   821 | D:2      | Killed Jessica
   822 | D:2      | Reached XP level 4. HP: 28/28 MP: 4/4
  1003 | D:2      | 1003 ||| Stepping ~*~*~tactically~*~*~ (hiding).
  1007 | D:2      | Reached skill level 4 in Axes
  1728 | D:2      | 1728 ||| UPGRADING to +4 ring of slaying {mikee}.
  1729 | D:2      | 1729 ||| READING scroll labelled FIWINI FUKHLERGH.
  1790 | D:3      | Reached XP level 5. HP: 32/32 MP: 5/5
  1808 | D:3      | 1808 ||| DROPPING +0 club.
  1892 | D:3      | Found a faded altar of an unknown god.
  1981 | D:3      | 1981 ||| Stepping ~*~*~tactically~*~*~ (stealth).
  2146 | D:3      | 2146 ||| Stepping ~*~*~tactically~*~*~ (stealth).
  2147 | D:3      | 2147 ||| Stepping ~*~*~tactically~*~*~ (stealth).
  2465 | D:3      | Found an ancient bone altar of Kikubaaqudgha.
  2474 | D:3      | Found a basalt altar of Yredelemnul.
  2474 | D:3      | Found a shimmering altar of Xom.
  2477 | D:3      | Found a blossoming altar of Fedhas.
  2481 | D:3      | 2481 ||| READING scroll labelled QEOSUWNAADYNN.
  2482 | D:3      | 2482 ||| READING scroll labelled LAUCAGG BYIZYSATH.
  2483 | D:3      | 2483 ||| READING scroll labelled HONLU JUAPS.
  2484 | D:3      | 2484 ||| READING scroll labelled VAUDGH FEATA.
  2485 | D:3      | 2485 ||| DRINKING 2 red potions.
  2486 | D:3      | 2486 ||| DROPPING potion of degeneration.
  2571 | D:4      | 2571 ||| STAIRDANCE
  2617 | D:4      | Noticed an orc warrior
  2618 | D:4      | 2618 ||| Stepping ~*~*~tactically~*~*~ (stealth).
  2625 | D:4      | HP: 5/32 [orc/+0 war axe (8)]
  2626 | D:4      | Shot with a bolt by an orc warrior

Levels and vault maps discovered:
D:1:      lemuel_arrival_river_bridge, layout_rooms, serial_forest,
          infiniplex_forest_end_double, infiniplex_forest_clump_small,
          infiniplex_forest_zigzag_2, infiniplex_forest_straight_3,
          infiniplex_forest_end_3, infiniplex_forest_lined_room_2,
          nicolae_shop_unique_rings
D:2:      layout_loops_corners, palyth_stone_intersect, uniq_jessica
D:3:      layout_loops_ring, minitemple, shapermc_ecumenical_altar_gd,
          minmay_close_crescents
D:4:      layout_gridville, lemuel_blue_sif_altar, abandoned_shop,
          nicolae_grassy_gnolls, uniq_sigmund

Skill      XL: |  1  2  3  4 |
---------------+-------------+-----
Axes           | 2 3 4 |  4.9
Fighting       | |  3.2
Armour         | |  3.2
Shields        | |  3.2

Action                     |  1- 3 |  4- 6 || total
---------------------------+-------+-------++-------
  Melee: War axe           |    97 |   122 ||   219
    Use: Scroll            |       |     5 ||     5
         Potion            |       |     1 ||     1
 Armour: Scale mail        |    56 |    56 ||   112
  Dodge: Dodged            |    60 |    56 ||   116
  Block: Buckler           |    17 |    19 ||    36

Table legend:
 A = Non-vault XP
 B = Vault XP
 C = Vault XP percentage of total XP
 D = Non-vault monster count
 E = Vault monster count
 F = Vault count percentage of total count
                 A         B        C        D         E       F
            +---------+---------+-------+---------+---------+-------
      Total |     183 |      40 |  17.9 |      70 |       3 |   4.1
            +---------+---------+-------+---------+---------+-------
        D:1 |      39 |       0 |   0.0 |      24 |       0 |   0.0
        D:2 |      87 |      37 |  29.8 |      26 |       1 |   3.7
        D:3 |      46 |       3 |   6.1 |      16 |       2 |  11.1
        D:4 |      11 |       0 |   0.0 |       4 |       0 |   0.0
            +---------+---------+-------+---------+---------+-------
